 Dungeon Crawl Stone Soup version 0.28-a0-519-gbfeecf2fc5 (webtiles) character file.

Game seed: 4428559650018087980

335 pezzrr the Skirmisher (level 6, -1/52 (57) HPs)
             Began as a Minotaur Fighter on Sept 23, 2021.
             Killed from afar by Dowan (24 damage)
             ... with a shard of ice
             ... on level 4 of the Dungeon.
             The game lasted 00:09:39 (3062 turns).

pezzrr the Skirmisher (Minotaur Fighter)            Turns: 3062, Time: 00:09:40

HP:   -1/52 (57)    AC:  8    Str: 22    XL:     6   Next: 28%
MP:   5/5           EV:  9    Int:  5    God:
Gold: 139           SH:  4    Dex: 10    Spells: 5/5 levels left

rFire   . . .      SeeInvis .   a - +0 rapier
rCold   . . .      Faith    .   c - +0 buckler
rNeg    . . .      Spirit   .   b - +0 scale mail
rPois   .          Reflect  .   (helmet restricted)
rElec   .          Harm     .   (no cloak)
rCorr   .          Rampage  .   (no gloves)
Will    .....                   r - +0 pair of boots
Stlth   ..........              (no amulet)
HPRegen 0.17/turn               (no ring)
MPRegen 0.09/turn               (no ring)

@: drained
A: horns 2, retaliatory headbutt
a: no special abilities


You were on level 4 of the Dungeon.
You visited 2 branches of the dungeon, and saw 5 of its levels.

You collected 139 gold pieces.

Inventory:

Hand Weapons
 a - a +0 rapier (weapon)
Missiles
 p - 34 stones (quivered)
Armour
 b - a +0 scale mail (worn)
 c - a +0 buckler (worn)
 l - a +0 kite shield
 q - a +0 plate armour
 r - a +0 pair of boots (worn)
Scrolls
 f - 2 scrolls of blinking {unknown}
 g - 2 scrolls of noise {unknown}
 j - a scroll of fog {unknown}
 k - 2 scrolls of identify {unknown}
 m - 2 scrolls of teleportation {unknown}
 t - a scroll of amnesia {unknown}
 u - a scroll of acquirement {unknown}
Potions
 d - a potion of might
 e - a potion of mutation {unknown}
 h - a potion of magic {unknown}
 i - a potion of flight {unknown}
 n - a potion of heal wounds
 o - a potion of haste {unknown}
 s - a potion of degeneration {unknown}
 v - a potion of resistance {unknown}


   Skills:
 + Level 6.0 Fighting
 - Level 2.1 Short Blades
 - Level 0.6(0.9) Axes
 - Level 0.1(0.5) Maces & Flails
 - Level 0.8(1.1) Polearms
 - Level 0.4(0.8) Staves
 - Level 0.3(1.2) Slings
 - Level 0.4 Crossbows
 - Level 1.8 Throwing
 + Level 3.7 Armour
 - Level 2.0 Stealth
 + Level 3.7 Shields
 - Level 0.1 Conjurations
 - Level 0.2 Hexes
 - Level 0.5 Summonings
 - Level 0.3 Necromancy
 - Level 0.3 Translocations
 - Level 0.2 Fire Magic
 - Level 0.1 Ice Magic
 - Level 0.2 Air Magic
 - Level 0.1 Earth Magic
 - Level 0.6 Invocations
 - Level 0.3 Evocations


You had 5 spell levels left.
You didn't know any spells.
Your spell library contained the following spells:

 Spells                   Type           Power      Damage    Failure   Level
 Ignite Poison            Fire/Tmut/Pois 0%         N/A       99%         3
 Mephitic Cloud           Conj/Pois/Air  0%         N/A       99%         3
 Freezing Cloud           Conj/Ice/Air   0%         6-21      100%        5


Dungeon Overview and Level Annotations

Branches:
Dungeon (4/15)             Temple (1/1) D:4

Altars:
Cheibriados
Elyvilon
Kikubaaqudgha
Makhleb
Nemelex Xobeh
Qazlal
Sif Muna
Trog
Uskayaw
Wu Jian
Xom
Yredelemnul
The Shining One

Shops:
D:2 *

Annotations:
D:4 Dowan


Innate Abilities, Weirdness & Mutations

You have a pair of horns on your head.
You reflexively headbutt those who attack you in melee.


Message History

You feel stronger.
Things that are here:
a +0 short sword; a +0 scale mail; the elf corpse of Duvessa Dowan seems to find hidden reserves of power!
You hit Dowan but do no damage.
Dowan hits you with a +0 dagger of draining.
You feel drained.
You closely miss Dowan.
Dowan breathes, "And she was my only..."
Dowan barely misses you. Dowan hits you but does no damage.
You feel drained.
You completely miss Dowan. Your headbutt misses Dowan.
Dowan hits you with a +0 dagger of draining.
You feel drained. Dowan hits you but does no damage.
You feel drained.
You hit Dowan but do no damage. Your headbutt misses Dowan.
Dowan casts a spell.
Dowan blinks!
Dowan gestures wildly while chanting.
Dowan blinks!
Dowan gestures wildly while chanting.
Dowan blinks!
You closely miss Dowan. You headbutt Dowan!
Dowan is moderately wounded.
Dowan completely misses you. Dowan barely misses you. You furiously retaliate!
You headbutt Dowan.
Your scale mail prevents you from hitting Dowan.
Dowan is heavily wounded.
Dowan casts a spell.
Dowan blinks!
Dowan casts a spell at you. The shard of ice misses you.
Dowan barely misses you.
You closely miss Dowan.
Dowan is heavily wounded.
Dowan hits you with a +0 dagger of draining.
You feel drained.
You are too injured to fight recklessly!
You barely miss Dowan.
Dowan is heavily wounded.
Dowan points at you and mumbles some strange words.
The shard of ice hits you!!
You die...

###.....#...
########....#....#.
#.....#..##.#.##.#.
#.###.#..##........
#.###.#..##.#.#.#.#
#.#......##.#.#.#..
#.#.#.#..##........
#e#.#)#........##..
#.@...#.......###.#
#####.######### #.
#.# # #.# . #.# .#
#.# #. #.# #.# #.#


You could see Dowan (fast).

Vanquished Creatures
  Duvessa (D:4)
  2 hounds
  2 iguanas
  A hound skeleton (D:4)
  A gnoll (D:1)
  2 adders
  2 worms
  4 dart slugs
  An orc (D:3)
  12 endoplasms
  4 giant cockroaches
  4 goblins
  8 hobgoblins
  3 jackals (D:2)
  2 kobolds
  4 quokkas (D:1)
  4 ball pythons
  5 bats
  5 frilled lizards
  A quokka skeleton (D:4)
  A rat (D:1)
69 creatures vanquished.

Notes
Turn   | Place    | Note
-------+----------+-------------------------------------------
     0 | D:1      | pezzrr the Minotaur Fighter began the quest for the Orb.
     0 | D:1      | Reached XP level 1. HP: 19/19 MP: 0/0
    82 | D:1      | Reached XP level 2. HP: 23/26 MP: 1/1
   265 | D:1      | Reached XP level 3. HP: 29/31 MP: 2/2
   576 | D:2      | Found Jeept's Assorted Antiques.
   991 | D:2      | Reached skill level 1 in Stealth
  1174 | D:2      | Reached XP level 4. HP: 26/39 MP: 3/3
  1449 | D:2      | Found a faded altar of an unknown god.
  1596 | D:3      | Found an ancient bone altar of Kikubaaqudgha.
  1834 | D:3      | Reached skill level 1 in Throwing
  1853 | D:3      | Found a stormy altar of Qazlal.
  1981 | D:3      | Reached XP level 5. HP: 38/46 MP: 4/4
  2091 | D:3      | Found a shimmering blue altar of Sif Muna.
  2181 | D:3      | Reached skill level 4 in Fighting
  2302 | D:3      | Found a shimmering altar of Xom.
  2664 | D:4      | Found a staircase to the Ecumenical Temple.
  2673 | Temple   | Entered the Ecumenical Temple
  2972 | D:4      | Reached skill level 5 in Fighting
  3013 | D:4      | Noticed Duvessa
  3013 | D:4      | Noticed Dowan
  3043 | D:4      | Killed Duvessa
  3044 | D:4      | Reached skill level 6 in Fighting
  3044 | D:4      | Reached XP level 6. HP: 33/57 MP: 5/5
  3062 | D:4      | Killed from afar by Dowan

Illustrated notes

Levels and vault maps discovered:
D:1:      minmay_arrival_arboretum_small, layout_rooms
D:2:      layout_basic, ebering_ecumenical_altar_petrified, serial_shops,
          nicolae_diamond_shop
D:3:      layout_rooms, amcnicky_altar_gilded, mainiacjoe_overflow_chevrons,
          nicolae_kikubaaqudgha_miasma_corner, nicolae_qazlal_eye_of_the_storm
D:4:      layout_loops_cross, minmay_temple_entry_ruins,
          kennysheep_pointless_box, grunt_ministairs_5, minmay_crossroads,
          uniq_duvessa, uniq_blork_the_orc
Temple:   compressed_dpeg_triangle_lava_temple

Skill      XL: |  1  2  3  4  5 |
---------------+----------------+-----
Stealth        | 1 2 |  2.0
Throwing       | 1 |  1.8
Fighting       | 6 |  6.0
Short Blades   | |  2.1
Axes           | |  0.6
Maces & Flails | |  0.1
Polearms       | |  0.8
Staves         | |  0.4
Slings         | |  0.3
Crossbows      | |  0.4
Armour         | |  3.7
Shields        | |  3.7
Conjurations   | |  0.1
Hexes          | |  0.2
Summonings     | |  0.5
Necromancy     | |  0.3
Translocations | |  0.3
Fire Magic     | |  0.2
Ice Magic      | |  0.1
Air Magic      | |  0.2
Earth Magic    | |  0.1
Invocations    | |  0.6
Evocations     | |  0.3

Action                   |  1- 3 |  4- 6 || total
-------------------------+-------+-------++-------
Melee: Rapier            |    83 |    88 ||   171
       Headbutt          |    10 |    24 ||    34
Throw: Stone             |       |     7 ||     7
Armor: Scale mail        |    40 |    19 ||    59
Dodge: Dodged            |    37 |    34 ||    71
Block: Buckler           |    21 |    10 ||    31

Table legend: (Time is in decaauts)
 A = Elapsed time spent in this place.
 B = Non-inter-level travel time spent in this place.
 C = Inter-level travel time spent in this place.
 D = Time resting spent in this place.
 E = Time spent auto-exploring this place.
 F = Levels seen in this place.
 G = Mean time per level.
                   A        B        C        D        E       F      G
               +--------+--------+--------+--------+--------+-----+--------+
         Total |   3078 |   3039 |     39 |    362 |   2084 |   5 |  615.6 |
       Dungeon |   2794 |   2755 |     39 |    362 |   1829 |   4 |  698.5 |
        Temple |    283 |    283 |      0 |      0 |    255 |   1 |  283.0 |
               +--------+--------+--------+--------+--------+-----+--------+

Top non-repeatable levels by time:
     D:2: 1023 daAuts
     D:3: 771 daAuts
     D:1: 578 daAuts
     D:4: 420 daAuts
  Temple: 283 daAuts
